 Dungeon Crawl Stone Soup version 0.18-a0-1350-g404b4cb (webtiles) character file.

341 hellophilly the Shield-Bearer (level 6, -1/38 HPs)
             Began as a Gargoyle Fighter on Feb 18, 2016.
             Was an Initiate of Vehumet.
             Killed by divine providence
             ... invoked by an orc priest
              (14 damage)
             ... on level 5 of the Dungeon.
             The game lasted 00:32:21 (2014 turns).

hellophilly the Shield-Bearer (Gargoyle Fighter)    Turns: 2014, Time: 00:32:21

Health: -1/38      AC: 22    Str: 21    XL:     6   Next: 56%
Magic:  6/6        EV:  6    Int:  9    God:    Vehumet [......]
Gold:   204        SH:  9    Dex:  9    Spells: 1 memorised, 3 levels left

rFire  . . .     SeeInvis .     h - +3 mace (protect)
rCold  . . .     Gourm    .     H - +0 chain mail
rNeg   + . .     Faith    +     c - +0 shield
rPois  ∞         Spirit   .     w - +1 helmet
rElec  +         Dismiss  .     (no cloak)
rCorr  .         Reflect  .     (no gloves)
SustAt .         Harm     .     q - +0 pair of boots
MR     .....                    p - amulet of faith
Stlth  ..........               (no ring)
                                (no ring)

@: not resistant to hostile enchantments, extremely unstealthy
A: negative energy resistance 1, electricity resistance, unbreathing,
petrification resistance, rot immunity, AC +4
a: Renounce Religion


You were on level 5 of the Dungeon.
You worshipped Vehumet.
Vehumet was noncommittal.
You were not hungry.

You visited 1 branch of the dungeon, and saw 5 of its levels.

You collected 204 gold pieces.

Inventory:

Hand Weapons
 a - a +0 flail
 d - a +0 dagger
 e - a +0 hunting sling
 h - a +3 mace of protection (weapon)
 k - a +0 hand axe
 l - a +0 short sword
 o - a +0 shortbow
 u - a +0 dagger
 v - a +0 dagger
 C - a +0 war axe
Missiles
 z - 8 silver bolts
 A - 149 stones (quivered)
 B - 6 arrows of frost
 G - 7 tomahawks
 M - 18 arrows
Armour
 b - a +0 scale mail
 c - a +0 shield (worn)
 i - a +0 leather armour
 q - a +0 pair of boots (worn)
 w - a +1 helmet (worn)
 H - a +0 chain mail (worn)
Jewellery
 p - an amulet of faith (around neck)
 t - an uncursed amulet of inaccuracy
 J - an uncursed amulet of magic regeneration {unknown}
Scrolls
 j - a scroll of enchant armour
 r - a scroll of noise
 y - a scroll of remove curse
 D - a scroll of random uselessness
 I - a scroll of identify
Potions
 g - a potion of berserk rage {unknown}
 m - a potion of ambrosia {unknown}
 s - a potion of curing {unknown}
 E - a potion of degeneration {unknown}
Books
 F - a book of Burglary

   Spells                             Type                      Level
   a - Swiftness                      Charms/Air                   2
   b - Passwall                       Transmutation/Earth          2
   c - Passage of Golubria            Translocation                4
   d - Lee's Rapid Deconstruction     Earth                        5
   e - Darkness                       Hexes                        6
   f - Invisibility                   Hexes                        6
Miscellaneous
 K - a plain deck of wonders
Comestibles
 f - 2 bread rations
 n - 2 meat rations
 x - 3 fruits
 L - 2 chunks of flesh


   Skills:
 + Level 4.0 Fighting
 + Level 2.9 Maces & Flails
 + Level 0.6 Throwing
 + Level 4.7 Armour
 + Level 2.2 Dodging
 + Level 0.2 Stealth
 + Level 4.8 Shields
 + Level 0.1 Spellcasting
 + Level 0.1 Transmutations
 + Level 0.2 Earth Magic


You had 3 spell levels left.
You knew the following spells:

 Your Spells              Type           Power        Failure   Level  Hunger
a - Passwall              Trmt/Erth      #.........   100%        2    ###....


Dungeon Overview and Level Annotations

Branches:
Dungeon (5/15)
 Temple: D:4-7

Altars:
Nemelex Xobeh
Vehumet

Shops:
D:4 [


Innate Abilities, Weirdness & Mutations

You are resistant to torment.
Your stone body is resilient (AC +4).
You are immune to poison.
You resist negative energy.
You are resistant to electric shocks.
You can survive without breathing.
You are immune to petrification.
You are immune to rotting.


Message History

A quokka skeleton comes into view. 2 orcs and an orc priest come into view.
The orc priest shouts! x2; The orc shouts!
The orc priest hits you but does no damage.
You hit the orc priest.
The orc priest is lightly wounded.
The orc priest mumbles some strange prayers to Beogh against you.
Beogh smites you!
The orc priest casts a cantrip, but nothing happens.
A centaur comes into view.
You sock the quokka skeleton!
You destroy the quokka skeleton!
Vehumet accepts your kill. The orc hits you but does no damage.
You hit the orc.
The orc is moderately wounded.
The orc barely misses you.
The orc priest mumbles some strange prayers to Beogh against you.
Beogh smites you!
You die...

.c..(. ...(. .o..
###.<# ## #....#
#..#####.#..# .
..........o#####....
#.......((oo@.......
#......<..(#####....
#..........# .
#######.....(..
#....#### ........
###....### #....#
#....#


You could see 2 orc priests and an orc.

Vanquished Creatures
  A centaur (D:5)
  The ghost of Uberwunderbarhen the Insei, a weakling OpTm (D:3)
  A giant frog zombie (D:5)
  A worker ant (D:4)
  A killer bee zombie (D:5)
  Robin (D:2)
  6 adders
  An ooze (D:3)
  An adder skeleton (D:4)
  2 worms
  4 giant geckos
  6 giant cockroaches
  13 goblins
  14 hobgoblins
  4 kobolds
  4 quokkas
  A ball python (D:2)
  4 bats
  A giant newt (D:2)
  A quokka skeleton (D:5)
  5 rats
73 creatures vanquished.

Vanquished Creatures (others)
  A bat (D:1)
  A goblin (D:1)
  2 hobgoblins (D:2)
4 creatures vanquished.

Grand Total: 77 creatures vanquished

Notes
Turn   | Place    | Note
--------------------------------------------------------------
     0 | D:1      | hellophilly the Gargoyle Fighter began the quest for the Orb.
     0 | D:1      | Reached XP level 1. HP: 14/14 MP: 1/1
   115 | D:1      | Reached XP level 2. HP: 19/19 MP: 2/2
   242 | D:1      | You fall through a shaft!
   252 | D:2      | Reached XP level 3. HP: 20/23 MP: 3/3
   261 | D:2      | Found a radiant altar of Vehumet.
   355 | D:2      | Noticed Robin
   370 | D:2      | Killed Robin
   370 | D:2      | Reached skill level 1 in Dodging
   370 | D:2      | Reached XP level 4. HP: 21/29 MP: 4/4
   377 | D:2      | Reached skill level 4 in Shields
   705 | D:2      | Became a worshipper of Vehumet
  1004 | D:3      | Noticed Uberwunderbarhen's ghost (weakling OpTm)
  1027 | D:3      | Killed Uberwunderbarhen's ghost
  1027 | D:3      | Reached XP level 5. HP: 28/33 MP: 5/5
  1160 | D:3      | Learned a level 2 spell: Passwall
  1539 | D:4      | Found Onu Leih's Armour Emporium.
  1680 | D:4      | Found a sparkling altar of Nemelex Xobeh.
  1971 | D:5      | Entered Level 5 of the Dungeon
  1977 | D:5      | Reached XP level 6. HP: 33/38 MP: 6/6
  2014 | D:5      | Killed from afar by an orc priest

Vault maps used:
D:1:      lightli_arrival_quake, lemuel_old_faithful
D:2:      fiery_altar_vehumet, uniq_robin
D:4:      serial_shops, shop_statue, minivault_5, nemelex_deck
D:5:      first_bread, uniq_eustachio

Action                   |  1- 3 |  4- 6 || total
-------------------------+-------+-------++-------
Melee: Flail             |    84 |       ||    84
       Mace              |    30 |   162 ||   192
 Fire: Hunting sling     |       |     2 ||     2
Throw: Stone             |       |    17 ||    17
 Cast: Passwall          |       |     2 ||     2
  Use: Potion            |     1 |       ||     1
       Scroll            |       |     8 ||     8
  Eat: Bread ration      |       |     1 ||     1
